 Dungeon Crawl Stone Soup version 0.19.4 (webtiles) character file.

343 LORDOFBUTT the Sneak (level 6, -2/28 HPs)
             Began as a Spriggan Enchanter on Feb 4, 2017.
             Was an Initiate of Gozag.
             Slain by a gnoll (7 damage)
             ... on level 3 of the Dungeon.
             The game lasted 00:05:07 (2671 turns).

LORDOFBUTT the Sneak (Spriggan Enchanter)           Turns: 2671, Time: 00:05:08

Health: -2/28      AC:  5    Str:  6    XL:     6   Next: 31%
Magic:  7/13       EV: 20    Int: 17    God:    Gozag
Gold:   364        SH:  0    Dex: 16    Spells: 2 memorised, 11 levels left

rFire  . . .     SeeInvis +     a - +1 dagger
rCold  . . .     Gourm    .     b - +1 robe
rNeg   . . .     Faith    .     (shield restricted)
rPois  .         Spirit   .     (helmet restricted)
rElec  .         Reflect  .     l - +1 cloak
rCorr  .         Harm     .     (gloves unavailable)
MR     +....                    (boots unavailable)
Stlth  +++.......               (no amulet)
                                (no ring)
                                (no ring)

@: very quick
A: unfitting armour, see invisible, herbivore 3, speed 3, slow metabolism 2
a: Potion Petition, Call Merchant, Bribe Branch, Renounce Religion


You were on level 3 of the Dungeon.
You worshipped Gozag.
Gozag was aware of your devotion.
You were full.

You visited 1 branch of the dungeon, and saw 3 of its levels.

You collected 391 gold pieces.
You paid 27 gold pieces to Gozag.

Inventory:

Hand Weapons
 a - a +1 dagger (weapon)
Armour
 b - a +1 robe (worn)
 l - a +1 cloak (worn)
Jewellery
 j - an uncursed amulet of harm {unknown}
 n - an uncursed amulet of the gourmand {unknown}
Wands
 k - a wand of flame (21/48)
 o - a wand of flame (27/48)
Scrolls
 g - a scroll of recharging {unknown}
 h - a scroll of immolation {unknown}
 i - a scroll of magic mapping {unknown}
Potions
 e - a potion of lignification {unknown}
 f - 2 potions of berserk rage {unknown}
 m - a potion of degeneration {unknown}
 p - a potion of heal wounds {unknown}
Books
 c - a book of Maledictions

   Spells                             Type                      Level
   a - Corona                         Hexes                        1
   b - Ensorcelled Hibernation        Hexes/Ice                    2
   c - Confuse                        Hexes                        3
   d - Tukima's Dance                 Hexes                        3
   e - Dazzling Spray                 Conjuration/Hexes            3
Comestibles
 d - 3 bread rations


   Skills:
 * Level 3.4 Short Blades
 + Level 4.4 Dodging
 + Level 5.5 Stealth
 * Level 4.6 Spellcasting
 * Level 5.4 Hexes


You had 11 spell levels left.
You knew the following spells:

 Your Spells              Type           Power        Failure   Level  Hunger
a - Corona                Hex            ###....      1%          1    None
b - Ensorcelled Hibernat  Hex/Ice        ##....       10%         2    ##.....


Dungeon Overview and Level Annotations

Branches:
Dungeon (3/15)

Altars:
Gozag
Trog


Innate Abilities, Weirdness & Mutations

You are very small and have problems with some larger weapons.
You are too small for most types of armour.
You have supernaturally acute eyesight. (SInv)
You are a herbivore.
You cover ground extremely quickly.
You need consume almost no food.


Message History

Confirm with . or Enter, or press ? or * to list all spells.
Aiming: Ensorcelled Hibernation
Press: ? - help, Shift-Dir - straight line, f/p - gnoll
Aim: a gnoll (moderately wounded, chance to defeat MR: 52%)
The gnoll resists with significant effort.
The gnoll hits you!
You hit the gnoll but do no damage.
The gnoll is moderately wounded.
The gnoll hits you.
* * * LOW HITPOINT WARNING * * *
You hit the gnoll.
The gnoll is moderately wounded.
You closely miss the gnoll.
The gnoll is moderately wounded.
The gnoll misses you.
You hit the gnoll.
The gnoll is severely wounded.
The gnoll hits you!
You die...
Your body crumbles into a pile of gold.

########### #.# #.........#
#.# #.#######.####
#.########## #.# #....#
#.#........# #.# #.##.#
#........#(# #.# #.##.#
#...####.#.# #.#
#.##.###...####.#.#### #.#
#.....g..............#
#.#######.##.#.@...####.#.##.#
#............##....# #.#.##.#
####...#########...####.#.##.#
###.#.### #..)..........#
#...#...# #.########.####
#.#####.# ##'## #.# #...#...#
##...## #g# ###.#.#.#
##.....## #.##
#...#.####[......## #..##


You could see a gnoll.

Vanquished Creatures
  Sigmund (D:3)
  Jessica (D:3)
  Crazy Yiuf (D:2)
  2 gnolls (D:3)
  4 adders
  An ooze (D:2)
  A worm (D:2)
  6 dart slugs (D:2)
  2 leopard geckos
  6 bats
  2 giant cockroaches (D:1)
  6 goblins
  9 hobgoblins
  3 ball pythons
  5 frilled lizards
  8 kobolds
  11 rats
  A fungus (D:2)
70 creatures vanquished.

Notes
Turn   | Place    | Note
-------+----------+-------------------------------------------
     0 | D:1      | LORDOFBUTT the Spriggan Enchanter began the quest for the Orb.
     0 | D:1      | Reached XP level 1. HP: 9/9 MP: 5/5
   129 | D:1      | Reached XP level 2. HP: 12/13 MP: 6/6
   462 | D:1      | Learned a level 2 spell: Ensorcelled Hibernation
   907 | D:2      | Found an opulent altar of Gozag.
   952 | D:2      | Reached XP level 3. HP: 8/16 MP: 8/8
   988 | D:2      | Became a worshipper of Gozag Ym Sagoz the Greedy
  1280 | D:2      | Found a bloodstained altar of Trog.
  1582 | D:2      | Reached XP level 4. HP: 16/21 MP: 10/10
  2001 | D:2      | Found a runed door.
  2005 | D:2      | Noticed Crazy Yiuf
  2009 | D:2      | Killed Crazy Yiuf
  2009 | D:2      | Reached skill level 5 in Stealth
  2143 | D:3      | Noticed Sigmund
  2143 | D:3      | Noticed Jessica
  2145 | D:3      | Killed Jessica
  2145 | D:3      | Reached skill level 5 in Hexes
  2145 | D:3      | Reached XP level 5. HP: 24/24 MP: 11/11
  2204 | D:3      | Killed Sigmund
  2204 | D:3      | Reached XP level 6. HP: 28/28 MP: 3/13
  2671 | D:3      | Slain by a gnoll

Skill      XL: |  1  2  3  4  5 |
---------------+----------------+-----
Spellcasting   | 3 4 |  4.6
Hexes          | 4 5 |  5.4
Short Blades   | 2 3 |  3.4
Stealth        | 5 |  5.5
Dodging        | 4 |  4.4

Action                   |  1- 3 |  4- 6 || total
-------------------------+-------+-------++-------
Melee: Dagger            |   186 |   126 ||   312
 Cast: Ensorcelled Hiber |     6 |    13 ||    19
  Use: Scroll            |     1 |     1 ||     2
 Stab: Sleeping          |    16 |    12 ||    28
       Distracted        |       |     2 ||     2
  Eat: Bread ration      |       |     1 ||     1
Armor: Robe              |    17 |     8 ||    25
Dodge: Dodged            |   157 |    69 ||   226
